 Dungeon Crawl Stone Soup version 0.20.0-10-g0535bb4 (webtiles) character file.

37610 straycat the Nimble (level 13, -3/97 HPs)
             Began as a Vampire Fighter on June 7, 2017.
             Was an Elder of Hepliaklqana.
             Slain by an orc warlord
             ... wielding a cursed -1 battleaxe
              (15 damage)
             ... on level 2 of the Orcish Mines.
             The game lasted 03:14:27 (24339 turns).

straycat the Nimble (Vampire Fighter)              Turns: 24339, Time: 03:14:28

Health: -3/97      AC: 17    Str: 19    XL:     13   Next: 59%
Magic:  0/22       EV: 18    Int: 11    God:    Hepliaklqana [****..]
Gold:   1014       SH:  9    Dex: 14    Spells: 21/24 levels left

rFire    . . .     SeeInvis +   J - +5 scimitar (flame)
rCold    + . .     Gourm    .   c - +0 shield
rNeg     + . .     Faith    .   y - +3 chain mail {rC+}
rPois    .         Spirit   +   d - +1 hat
rElec    .         Reflect  .   (no cloak)
rCorr    .         Harm     .   U - +0 pair of gloves
MR       ++...                  h - +0 pair of boots
Stlth    ++........             e - amulet of guardian spirit
Regen    0.3/turn               N - +6 ring of evasion
MPRegen  0.2/turn               Z - ring of protection from magic

@: lethally poisoned (-3 -> -4), slowed, very slow
A: reduced essence, fangs 3, see invisible, unbreathing
a: Bat Form, Recall Ancestor, Ancestor Identity, Transference, Idealise,
Renounce Religion


You were on level 2 of the Orcish Mines.
You worshipped Hepliaklqana.
Hepliaklqana was greatly pleased with you.
You were not thirsty.

You visited 4 branches of the dungeon, and saw 18 of its levels.

You collected 1074 gold pieces.
You spent 60 gold pieces at shops.

Inventory:

Hand Weapons
 a - a +9 rapier
 q - a +1 whip of venom
 C - a +3 flail of draining
 E - a +2 war axe of freezing
 F - a cursed -1 battleaxe
 H - a +2 flail of protection
 J - a +5 scimitar of flaming (weapon)
 M - a +0 hand crossbow
 P - a +2 shortbow of flaming
 W - a +0 rapier of electrocution
 Y - a +3 mace of freezing
Missiles
 g - 247 arrows
 m - 3 throwing nets
 o - 19 poisoned needles
 u - 141 bolts
 x - 3 needles of sleeping
 K - 13 javelins (quivered)
Armour
 b - a +2 scale mail
 c - a +0 shield (worn)
 d - a +1 hat (worn)
 h - a +0 pair of boots (worn)
 i - the +1 robe of Gluttony {*Drain rN+ rCorr MP+9}
   (You found it on level 13 of the Dungeon)

   It protects you from negative energy.
   It affects your magic capacity (+9).
   It protects you from acid and corrosion.
   It causes draining when unequipped.
 y - a +3 chain mail of cold resistance (worn)
 L - +0 steam dragon scales
 U - a +0 pair of gloves (worn)
Jewellery
 e - an amulet of guardian spirit (around neck)
 N - a +6 ring of evasion (left hand)
 R - an uncursed ring of fire
 Z - a ring of protection from magic (right hand)
Wands
 j - a wand of confusion (24/48)
 n - a wand of flame (36/48)
 v - a wand of digging (19/24)
 G - a wand of paralysis (19/24)
 X - a wand of polymorph (15/24)
Scrolls
 s - a scroll of remove curse
 w - 2 scrolls of teleportation
 z - a scroll of magic mapping
 A - a scroll of fog
 T - 3 scrolls of amnesia
Potions
 f - 2 potions of brilliance
 k - 3 potions of curing
 p - 2 potions of magic
 r - 2 potions of haste
 t - a potion of berserk rage
 B - 15 potions of blood
 D - 3 potions of mutation
Books
 l - a book of Frost

   Spells                             Type                      Level
   a - Freeze                         Ice                          1
   b - Throw Frost                    Conjuration/Ice              2
   c - Ozocubu's Armour               Charms/Ice                   3
   d - Throw Icicle                   Conjuration/Ice              4
   e - Summon Ice Beast               Ice/Summoning                4
 I - a book of Power

   Spells                             Type                      Level
   a - Iskenderun's Battlesphere      Conjuration/Charms           5
   b - Venom Bolt                     Conjuration/Poison           5
   c - Bolt of Magma                  Conjuration/Fire/Earth       5
   d - Iron Shot                      Conjuration/Earth            6
   e - Orb of Destruction             Conjuration                  7
   f - Spellforged Servitor           Conjuration/Summoning        7
Miscellaneous
 Q - a box of beasts


   Skills:
 * Level 12.1 Fighting
 + Level 7.4 Short Blades
 + Level 7.5 Armour
 * Level 14.4 Dodging
 + Level 11.9 Stealth
 + Level 3.8 Shields
 + Level 6.1 Spellcasting


You had 21 spell levels left.
You knew the following spells:

 Your Spells              Type           Power        Failure   Level  Hunger
a - Apportation           Tloc           #.....       100%        1    None
b - Freeze                Ice            #...         100%        1    None
c - Animate Skeleton      Necr           N/A          100%        1    None


Dungeon Overview and Level Annotations

Branches:
Dungeon (14/15)            Temple (1/1) D:7            Lair (1/6) D:8
    Orc (2/2) D:12            Elf (0/3) Orc:2
 Vaults: D:13-14

Altars:
Ashenzari
Cheibriados
Dithmenos
Elyvilon
Fedhas
Gozag
Hepliaklqana
Kikubaaqudgha
Makhleb
Nemelex Xobeh
Okawaru
Qazlal
Ru
Sif Muna
Trog
Uskayaw
Vehumet
Xom
Yredelemnul
Zin
The Shining One

Shops:
D:4 (}[=:   D:5 (   D:9 *   D:10 }   D:11 =

Annotations:
D:3 pichaelthompson's ghost, amateur DsGl


Innate Abilities, Weirdness & Mutations

You have razor-sharp teeth.
You have supernaturally acute eyesight. (SInv)
You can survive without breathing.
Your life essence is reduced. (-10% HP)


Message History

The orc warlord hits you with an enchanted battleaxe!!
* * * LOW HITPOINT WARNING * * *
The orc warlord hits Seras but does no damage.
The orc priest barely misses you.
Seras hits the orc warlord with a quarterstaff!!
The orc warrior hits you with a long sword!
* * * LOW HITPOINT WARNING * * *
The orc priest misses you.
You riposte.
You slash the orc priest! You burn the orc priest.
You kill the orc priest!
You block the orc warlord's attack.
The orc warlord hits Seras with an enchanted battleaxe!!
Seras hits the orc warlord with a quarterstaff!
Seras points at the orc warlord and mumbles some strange words.
The puff of frost hits the orc warlord.
The orc warrior completely misses you.
You riposte.
You barely miss the orc warrior.
You bite the orc warrior, but do no damage.
The orc warrior is almost dead.
The orc warlord hits you with an enchanted battleaxe!!
You die...

.....#..###..
............
.........>. .....#....#
.......... .........##
.......)((#
......oo..####
o............R@..(#.##
..
.............(.......#
.o
............).))..##.##
o÷
...................####
.. .......$..........##
..o................
.o.....o.[..........
$.......o<[.........
#.......))...........


You could see the friendly Seras the battlemage, an orc warlord and an orc
warrior.

Vanquished Creatures
  Gastronok (D:8)
  An orc warlord (D:12)
  A hydra (D:11)
  Erica (D:10)
  A death yak (D:8)
  3 two-headed ogres
  Pikel (D:6)
  2 ugly things (D:12)
  2 orc sorcerers (Orc:1)
  A manticore (D:12)
  A moth of wrath (D:3)
  A centaur zombie (D:11)
  A gargoyle (D:11)
  3 spiny frogs
  A freezing wraith (D:13)
  A yaktaur (shapeshifter) (D:13)
  An efreet (D:12)
  2 trolls
  2 slime creatures (D:13)
  3 hippogriffs
  A meliai zombie (D:13)
  A wyvern (D:13)
  2 vampires
  2 wraiths
  15 yaks
  2 fire bats (D:11)
  A vampire mosquito (D:13)
  A steam dragon (D:13)
  Menkaure (D:6)
  2 two-headed ogre zombies (D:12)
  A water moccasin (Lair:1)
  2 porcupines (Lair:1)
  A black bear (D:6)
  10 orc warriors
  A slave (D:6)
  4 ogres
  A sky beast (D:10)
  2 ice beasts
  3 phantoms
  2 wolves (D:9)
  6 centaurs
  A crocodile (Lair:1)
  A big kobold (D:7)
  Blork the orc (D:5)
  2 bullfrogs
  A troll zombie (D:12)
  3 scorpions
  A troll skeleton (D:7)
  17 killer bees
  2 electric eels (D:9)
  3 howler monkeys
  10 wights
  2 lava snakes (D:11)
  2 bullfrog zombies
  2 human zombies (D:7)
  A quasit (D:6)
  5 hounds
  3 centaur skeletons
  2 human skeletons (D:7)
  A jelly (D:12)
  18 orc priests
  A bullfrog skeleton (D:5)
  7 orc wizards
  Terence (D:2)
  2 iguanas
  8 worker ants
  2 ogre zombies (D:12)
  2 hound zombies
  A howler monkey zombie (D:8)
  12 adders
  4 gnolls (D:3)
  3 white imps
  2 oozes
  4 adder skeletons
  4 worms
  2 dart slugs (D:3)
  5 leopard geckos
  38 orcs
  A ball python (D:4)
  9 bats
  9 giant cockroaches
  8 goblins
  3 hobgoblins
  15 jackals
  11 kobolds
  5 quokkas
  9 frilled lizards
  2 goblin zombies (D:12)
  3 hobgoblin skeletons (D:12)
  2 hobgoblin zombies (D:12)
  A jackal skeleton (D:5)
  A leopard gecko skeleton (D:4)
  8 orc zombies (D:12)
  A quokka skeleton (D:4)
  8 rats
363 creatures vanquished.

Vanquished Creatures (collateral kills)
  Josephine (D:11)
  Urug (D:10)
  Sonja (Orc:2)
  A phantasmal warrior (D:13)
  A manticore (D:11)
  2 ugly things (D:13)
  A centaur zombie (D:12)
  A centaur skeleton (D:13)
  A spiny frog (Lair:1)
  2 gargoyles
  2 trolls
  A hornet (D:12)
  A polar bear (D:9)
  3 slime creatures (D:13)
  A shadow (D:13)
  A wyvern (D:11)
  A vampire (D:12)
  4 yaks
  2 hungry ghosts (D:12)
  4 wraiths
  2 fire bats (D:11)
  4 vampire mosquitoes
  A warg (Orc:1)
  A soldier ant (D:13)
  A water moccasin (Lair:1)
  A hell hound (D:11)
  A porcupine (Lair:1)
  6 orc warriors
  An ice beast (D:9)
  A sky beast (D:8)
  2 phantoms
  An ogre (D:7)
  A wolf (D:9)
  2 necrophages
  2 centaurs
  4 bullfrogs
  2 wyvern skeletons
  4 killer bees
  A scorpion (D:10)
  An electric eel (D:9)
  6 wights
  2 crimson imps
  A human zombie (D:7)
  2 bullfrog zombies
  2 hounds
  A wyvern simulacrum (D:9)
  2 jellies
  3 orc priests
  8 orc wizards
  An iguana (D:11)
  3 worker ants
  4 ogre zombies
  A worker ant zombie (D:7)
  A howler monkey skeleton (D:9)
  4 adders
  A white imp (D:9)
  An ufetubus (D:9)
  20 orcs
  A goblin zombie (D:12)
  A hobgoblin zombie (D:12)
  7 orc zombies (D:12)
  A quokka zombie (D:8)
  A fire vortex (D:11)
145 creatures vanquished.

Vanquished Creatures (others)
  16 battlemagi
  12 ancestors
  A quokka (D:4)
  2 fire vortices (D:11)
  A plant (Lair:1)
32 creatures vanquished.

Grand Total: 540 creatures vanquished

Notes
Turn   | Place    | Note
-------+----------+-------------------------------------------
     0 | D:1      | straycat the Vampire Fighter began the quest for the Orb.
     0 | D:1      | Reached XP level 1. HP: 17/17 MP: 1/1
    64 | D:1      | Reached skill level 1 in Dodging
    80 | D:1      | Reached skill level 1 in Stealth
    84 | D:1      | Reached XP level 2. HP: 12/23 MP: 2/2
   493 | D:1      | Reached skill level 2 in Dodging
   616 | D:1      | Reached XP level 3. HP: 29/29 MP: 3/3
  1058 | D:2      | Noticed Terence
  1080 | D:2      | Killed Terence
  1172 | D:2      | Reached XP level 4. HP: 24/35 MP: 4/4
  1334 | D:2      | Reached skill level 3 in Dodging
  2039 | D:2      | Reached XP level 5. HP: 32/41 MP: 5/5
  2311 | D:3      | Noticed pichaelthompson's ghost (amateur DsGl)
  2707 | D:3      | Reached skill level 4 in Dodging
  3058 | D:3      | Noticed a moth of wrath
  3293 | D:3      | Found a bloodstained altar of Trog.
  3348 | D:3      | Reached XP level 6. HP: 46/48 MP: 6/6
  3432 | D:3      | Killed a moth of wrath
  3432 | D:3      | Reached skill level 5 in Dodging
  3432 | D:3      | Reached skill level 5 in Stealth
  3432 | D:3      | Reached XP level 7. HP: 35/55 MP: 7/7
  3888 | D:4      | Found Nuetant's Jewellery Emporium.
  3913 | D:4      | Found Doiceosk's Gadget Shoppe.
  3945 | D:4      | Found Siajyvip's Book Emporium.
  4013 | D:4      | Reached skill level 6 in Dodging
  4138 | D:4      | Found a stormy altar of Qazlal.
  4216 | D:4      | Found Guoleb's Armour Boutique.
  4351 | D:4      | Found Cyschepp's Antique Weapon Shoppe.
  4714 | D:5      | Entered Level 5 of the Dungeon
  4714 | D:5      | Noticed Blork the orc
  4997 | D:5      | Killed Blork the orc
  5383 | D:5      | Reached skill level 7 in Dodging
  5429 | D:5      | Reached XP level 8. HP: 54/61 MP: 8/8
  5435 | D:5      | Reached skill level 5 in Fighting
  6019 | D:5      | Found Vatref's Antique Weapon Boutique.
  6473 | D:6      | HP: 2/62 [orc priest/divine providence (12)]
  6775 | D:5      | Reached skill level 5 in Armour
  6775 | D:5      | Reached skill level 11 in Dodging
  6775 | D:5      | Reached XP level 9. HP: 75/75 MP: 9/9
  7158 | D:6      | Noticed Menkaure
  7191 | D:6      | Killed Menkaure
  9084 | D:7      | Found a staircase to the Ecumenical Temple.
  9095 | Temple   | Entered the Ecumenical Temple
  9432 | Temple   | Became a worshipper of Hepliaklqana the Forgotten
  9888 | D:7      | Reached skill level 1 in Spellcasting
 10331 | D:7      | Found a basalt altar of Yredelemnul.
 10350 | D:7      | Reached XP level 10. HP: 68/74 MP: 12/12
 10498 | D:7      | Learned a level 1 spell: Apportation
 10500 | D:7      | Learned a level 1 spell: Freeze
 10502 | D:7      | Learned a level 1 spell: Animate Skeleton
 10616 | D:7      | Noticed Pikel
 10679 | D:6      | Killed Pikel
 10834 | D:8      | Noticed Gastronok
 10895 | D:8      | Killed Gastronok
 11350 | D:8      | Reached * piety under Hepliaklqana
 11552 | D:8      | Noticed a death yak
 11552 | D:8      | Noticed a two-headed ogre
 11565 | D:8      | Noticed a death yak
 11566 | D:8      | Killed a two-headed ogre
 11566 | D:8      | Reached skill level 10 in Fighting
 11566 | D:8      | Reached skill level 12 in Dodging
 11567 | D:8      | Noticed a death yak
 11580 | D:8      | Killed a death yak
 11580 | D:8      | Reached XP level 11. HP: 29/81 MP: 13/15
 12879 | D:8      | Found a staircase to the Lair.
 12988 | D:8      | HP: 6/121 [poisoned by a killer bee]
 13516 | Lair:1   | Entered Level 1 of the Lair of Beasts
 13994 | Lair:1   | Noticed an eight-headed hydra
 14480 | D:8      | HP: 4/82 [poisoned by a spiny frog]
 15135 | D:9      | Noticed a two-headed ogre
 15171 | D:8      | Killed a two-headed ogre
 15171 | D:8      | Reached skill level 5 in Short Blades
 15754 | D:9      | Found a burning altar of Makhleb.
 15876 | D:9      | Reached ** piety under Hepliaklqana
 15877 | D:9      | Remembered your ancestor Seras as a battlemage
 15947 | D:9      | Found Pextax's General Store.
 15978 | D:9      | Bought a scroll of identify for 24 gold pieces
 15978 | D:9      | Bought a potion of curing for 36 gold pieces
 16533 | D:10     | Entered Level 10 of the Dungeon
 16540 | D:10     | Noticed Urug
 16898 | D:10     | Killed Urug
 16898 | D:10     | Reached skill level 10 in Stealth
 16993 | D:10     | Found Yrphugis's Quality Used Wands.
 16995 | D:10     | Noticed Erica
 17007 | D:10     | Killed Erica
 17844 | D:11     | Reached XP level 12. HP: 76/89 MP: 18/18
 18225 | D:11     | Reached skill level 13 in Dodging
 18390 | D:11     | Found Lumyiz's Jewellery Boutique.
 18445 | D:11     | Noticed Josephine
 18468 | D:11     | Killed Josephine
 18628 | D:11     | Noticed a seven-headed hydra
 18643 | D:11     | Killed a six-headed hydra
 19184 | D:12     | Reached *** piety under Hepliaklqana
 19237 | D:13     | Reached skill level 5 in Spellcasting
 19470 | D:12     | Found a staircase to the Orcish Mines.
 20638 | D:13     | Reached XP level 13. HP: 95/96 MP: 19/21
 20782 | D:13     | Got a brightly glowing robe
 20793 | D:13     | Identified the +1 robe of Gluttony {*Drain rN+ rCorr MP+9} (You found it on level 13 of the Dungeon)
 21467 | D:13     | Reached skill level 14 in Dodging
 21530 | D:13     | Reached **** piety under Hepliaklqana
 22963 | Orc:1    | Entered Level 1 of the Orcish Mines
 23067 | Orc:1    | Noticed an orc warlord
 23211 | D:12     | HP: 2/97 [orc warlord/great mace of protection (34)]
 23681 | D:12     | Killed an orc warlord
 23891 | Orc:2    | Entered Level 2 of the Orcish Mines
 23981 | Orc:2    | Noticed an orc warlord
 24309 | Orc:2    | Noticed Sonja
 24322 | Orc:2    | Found a staircase to the Elven Halls.
 24333 | Orc:2    | Killed Sonja
 24339 | Orc:2    | Slain by an orc warlord

Skill      XL: |  1  2  3  4  5  6  7  8  9 10 11 12 13 |
---------------+----------------------------------------+-----
Dodging        | 1 2 3 4 5 7 11 12 13 14 | 14.4
Stealth        | 1 2 3 4 5 7 8 9 10 11 | 11.9
Fighting       | 3 4 8 9 10 11 12 | 12.1
Armour         | 5 6 7 |  7.5
Spellcasting   | 1 2 4 5 6 |  6.1
Short Blades   | 3 4 5 6 7 |  7.4
Shields        | 3 |  3.8

Action                   |  1- 3 |  4- 6 |  7- 9 | 10-12 | 13-15 || total
-------------------------+-------+-------+-------+-------+-------++-------
Melee: Rapier            |   109 |   187 |   430 |   611 |   133 ||  1470
       Bite              |    11 |    24 |    52 |    94 |    32 ||   213
       Long sword        |       |       |       |    39 |       ||    39
       Whip              |       |       |       |    39 |       ||    39
       Dagger            |       |       |       |    10 |       ||    10
       Flail             |       |       |       |     6 |    44 ||    50
       Halberd           |       |       |       |     3 |       ||     3
       Scimitar          |       |       |       |    11 |    40 ||    51
       Mace              |       |       |       |     5 |       ||     5
 Fire: Hunting sling     |       |    35 |       |       |       ||    35
       Shortbow          |       |       |       |    55 |       ||    55
       Hand crossbow     |       |       |       |     3 |    13 ||    16
Throw: Stone             |       |     2 |       |     5 |       ||     7
       Throwing net      |       |       |     2 |       |       ||     2
       Javelin           |       |       |       |    20 |       ||    20
 Cast: Animate Skeleton  |       |       |       |     1 |       ||     1
Invok: Ancestor Identity |       |       |     1 |     1 |       ||     2
       Recall Ancestor   |       |       |       |     7 |     6 ||    13
       Ancestor Life: Ba |       |       |       |     1 |       ||     1
 Abil: End Transformatio |       |     1 |     5 |    13 |     4 ||    23
       Bat Form          |       |     1 |     5 |    13 |     4 ||    23
Evoke: Wand              |       |     1 |       |     4 |     4 ||     9
  Use: Scroll            |       |    10 |    13 |    22 |     5 ||    50
       Potion            |       |     4 |    11 |    22 |    12 ||    49
 Stab: Sleeping          |       |       |     6 |    12 |       ||    18
       Distracted        |       |       |     1 |    14 |     5 ||    20
       Held in net/web   |       |       |     1 |       |       ||     1
  Eat: Corpse            |       |     4 |    10 |    11 |     1 ||    26
Armor: Scale mail        |    90 |    82 |   111 |   124 |       ||   407
       Leather armour    |       |       |     4 |       |       ||     4
       Chain mail        |       |       |       |   136 |   110 ||   246
Dodge: Dodged            |    83 |   105 |   246 |   524 |   218 ||  1176
Block: Shield            |       |    33 |   108 |   300 |   134 ||   575
       Rpst.: Long sword |       |       |       |    10 |       ||    10
       Scimitar          |       |       |       |     1 |    18 ||    19
